 Dungeon Crawl Stone Soup version 0.27-a0-909-g0721f309d1 (webtiles) character file.

Game seed: 10278053010568164150

12361 jestyr24 the Cleaver (level 11, -34/102 HPs)
             Began as a Minotaur Berserker on Apr 8, 2021.
             Was a High Priest of Trog.
             Annihilated by a very large slime creature (51 damage)
             ... on level 12 of the Dungeon.
             The game lasted 00:38:26 (12702 turns).

jestyr24 the Cleaver (Minotaur Berserker)          Turns: 12702, Time: 00:38:28

Health: -34/102    AC: 23    Str: 26    XL:     11   Next: 61%
Magic:  10/10      EV:  9    Int:  9    God:    Trog [*****.]
Gold:   586        SH:  0    Dex:  9    Spells: 10/10 levels left

rFire    . . .     SeeInvis .   p - +6 hand axe of Virtue {venom, rPois Will+ Int+5}
rCold    . . .     Faith    .   (no shield)
rNeg     . . .     Spirit   .   r - +0 plate armour
rPois    +         Reflect  .   z - +2 hat
rElec    .         Harm     .   a - +1 cloak
rCorr    +         Rampage  .   (no gloves)
Will     +....                  (no boots)
Stlth    ..........             (no amulet)
HPRegen  0.27/turn              s - +4 ring of protection
MPRegen  0.12/turn              A - ring of resist corrosion

@: brilliant, about to teleport
A: horns 2, retaliatory headbutt
a: Renounce Religion, Berserk, Trog's Hand, Brothers in Arms


You were on level 12 of the Dungeon.
You worshipped Trog.
Trog was extremely pleased with you.
You visited 1 branch of the dungeon, and saw 12 of its levels.

You collected 586 gold pieces.

Inventory:

Hand Weapons
 k - a +0 battleaxe
 p - the +6 hand axe of Virtue (weapon) {venom, rPois Will+ Int+5}
   (You found it on level 4 of the Dungeon)

   It poisons the flesh of those it strikes.
   It affects your intelligence (+5).
   It protects you from poison.
   It increases your willpower.
 x - a +5 hand axe
 L - a +0 war axe
 N - the +7 mace of Moral Flaws {protect, rPois rC+ Str+2}
   (You took it off an orc on level 11 of the Dungeon)

   It grants its wielder temporary protection when it strikes (+7 to AC).
   It affects your strength (+2).
   It protects you from cold.
   It protects you from poison.
Missiles
 b - 25 poisoned darts (quivered)
 H - 3 boomerangs
 J - a curare-tipped dart
Armour
 a - a +1 cloak (worn)
 g - a +0 troll leather armour
 r - a +0 plate armour (worn)
 z - a +2 hat (worn)
Jewellery
 o - a ring of fire
 s - a +4 ring of protection (left hand)
 A - a ring of resist corrosion (right hand)
Wands
 l - a wand of iceblast (12)
 m - a wand of charming (8)
Scrolls
 e - 3 scrolls of teleportation
 j - a scroll of enchant armour
 q - 2 scrolls of blinking
 u - a scroll of brand weapon
 w - a scroll of silence
 y - a scroll of fear
 B - 3 scrolls of enchant weapon
 G - a scroll of magic mapping
 K - 2 scrolls of identify
Potions
 c - a potion of magic {unknown}
 d - 3 potions of ambrosia
 f - 3 potions of heal wounds
 h - a potion of cancellation {unknown}
 i - 2 potions of mutation {unknown}
 n - 3 potions of berserk rage
 t - a potion of brilliance
 v - a potion of degeneration {unknown}
 C - 4 potions of flight {unknown}
 D - a potion of curing {unknown}
 F - a potion of resistance {unknown}
 M - a potion of invisibility {unknown}


   Skills:
 + Level 11.1 Fighting
 - Level 4.9 Long Blades
 + Level 13.2 Axes
 - Level 1.3 Throwing
 - Level 11.7 Armour
 - Level 6.8 Dodging


You had 10 spell levels left.
You didn't know any spells.
Your spell library contained the following spells:

 Spells                   Type           Power      Damage    Failure   Level
 Corona                   Hex            0%         N/A       98%         1
 Sandblast                Erth           0%         2d4       98%         1
 Passwall                 Tmut/Erth      0%         N/A       99%         2
 Slow                     Hex            0%         N/A       99%         2
 Confusing Touch          Hex            0%         N/A       100%        3
 Gell's Gravitas          Tloc           0%         N/A       100%        3
 Inner Flame              Hex/Fire       0%         N/A       100%        3
 Portal Projectile        Hex/Tloc       0%         N/A       100%        3
 Stone Arrow              Conj/Erth      0%         3d7       100%        3
 Cause Fear               Hex            0%         N/A       100%        4
 Leda's Liquefaction      Hex/Erth       0%         N/A       100%        4
 Petrify                  Tmut/Erth      0%         N/A       100%        4
 Lee's Rapid Deconstruct  Erth           0%         3d5*      100%        5
 Metabolic Englaciation   Hex/Ice        0%         N/A       100%        5
 Yara's Violent Unravell  Hex/Tmut       0%         3d3       100%        5


Dungeon Overview and Level Annotations

Branches:
Dungeon (12/15)            Temple (0/1) D:6            Lair (0/6) D:8
    Orc: D:9-12

Altars:
Ashenzari
Cheibriados
Dithmenos
Elyvilon
Hepliaklqana
Nemelex Xobeh
Okawaru
Qazlal
Trog
Uskayaw
The Shining One

Shops:
D:10 (


Innate Abilities, Weirdness & Mutations

You have a pair of horns on your head.
You reflexively headbutt those who attack you in melee.


Message History

The slime creature hits you but does no damage.
The yak gores you but does no damage.
The slime creature hits you but does no damage.
The slime creature hits you but does no damage.
The yak gores you!
The very large slime creature hits you!!
The slime creature hits you! The slime creature hits you.
The yak gores you but does no damage. The very large slime creature hits you!
The slime creature hits you but does no damage.
The slime creature hits you but does no damage.
The very large slime creature hits you!!!
The slime creature hits you but does no damage.
The slime creature hits you!
The yak gores you but does no damage. x2
The slime creature hits you.
The very large slime creature hits you!!!
* * * LOW HITPOINT WARNING * * *
You turn to flesh and can move again.
As you read the scroll of teleportation, it crumbles to dust.
You feel strangely unstable. The slime creature closely misses you.
You furiously retaliate!
You headbutt the slime creature, but do no damage.
The yak gores you but does no damage. x2
The very large slime creature barely misses you.
The slime creature hits you but does no damage.
Your plate armour prevents you from hitting the yak.
You hit the yak but do no damage.
The yak is poisoned.
You slash the slime creature!
You slash the very large slime creature!
You hit the slime creature.
The slime creature hits you but does no damage.
The yak barely misses you. The yak gores you but does no damage.
You slash the yak!
The yak is poisoned.
The yak is moderately wounded.
You hit the slime creature but do no damage.
You hit the very large slime creature. You hit the slime creature.
You hit the yak but do no damage.
The yak looks as sick as possible!
The very large slime creature hits you!!!
Ouch! That really hurt!
You die...

#........
+........
#.........
#.........
#.!.......
#Y........
#YY.......
#@JY......
#JJY......
#lY?......
#.........
#.........
#......"..
#.........
##########


You could see a very large slime creature, 2 slime creatures, 6 yaks and a
basilisk.

Vanquished Creatures
  Snorg (D:10)
  Josephine (D:11)
  A two-headed ogre (D:11)
  An ugly thing (D:11)
  A komodo dragon (D:8)
  A kobold demonologist (D:10)
  2 trolls
  Grinder (D:4)
  2 shadows
  4 wraiths (D:11)
  2 wyverns
  13 yaks
  Eustachio (D:4)
  2 humans (D:11)
  3 steam dragons
  A water moccasin (D:8)
  A hornet zombie (D:5)
  4 orc warriors
  2 sky beasts
  5 black bears
  An ice beast (D:6)
  2 ogres
  3 centaurs
  A kobold brigand (D:10)
  4 bullfrogs
  A gnoll sergeant (D:9)
  3 scorpions
  2 wyvern skeletons
  A water moccasin zombie (D:6)
  A water moccasin skeleton (D:5)
  6 killer bees
  7 howler monkeys
  Crazy Yiuf (D:6)
  4 centaur zombies
  3 hounds
  6 orc priests
  A centaur skeleton (D:6)
  A gnoll shaman (D:6)
  3 jellies
  2 iguanas
  Ijyb (D:5)
  10 orc wizards
  A hound skeleton (D:5)
  A howler monkey zombie (D:6)
  7 gnolls
  A howler monkey skeleton (D:7)
  10 adders
  A worm (D:3)
  3 dart slugs
  24 orcs
  3 endoplasms
  3 giant cockroaches
  7 goblins
  9 hobgoblins
  10 jackals
  9 kobolds
  8 quokkas
  7 ball pythons
  3 bats
  2 frilled lizards
  2 rats (D:3)
224 creatures vanquished.

Vanquished Creatures (others)
  17 fungi (D:8)
  17 plants (D:8)
34 creatures vanquished.

Grand Total: 258 creatures vanquished

Notes
Turn   | Place    | Note
-------+----------+-------------------------------------------
     0 | D:1      | jestyr24 the Minotaur Berserker began the quest for the
                  | Orb.
     0 | D:1      | Reached XP level 1. HP: 19/19 MP: 0/0
   207 | D:1      | Reached XP level 2. HP: 27/27 MP: 1/1
   356 | D:1      | Found a faded altar of an unknown god.
  1444 | D:2      | Reached XP level 3. HP: 26/33 MP: 2/2
  1709 | D:2      | Reached ** piety under Trog
  2346 | D:3      | Reached XP level 4. HP: 41/41 MP: 3/3
  3121 | D:3      | Found a hazy altar of Hepliaklqana.
  3133 | D:3      | Reached XP level 5. HP: 22/47 MP: 4/4
  3456 | D:3      | Reached skill level 5 in Fighting
  3846 | D:4      | Identified the +6 hand axe of Virtue {venom, rPois Will+
                  | Int+5}
  4020 | D:4      | Noticed Eustachio
  4028 | D:4      | Killed Eustachio
  4029 | D:4      | Reached skill level 1 in Axes
  4029 | D:4      | Reached XP level 6. HP: 38/56 MP: 5/5
  4137 | D:4      | Found a bloodstained altar of Trog.
  4698 | D:4      | Found a snail-covered altar of Cheibriados.
  4752 | D:4      | Noticed Grinder
  4764 | D:4      | Killed Grinder
  4765 | D:4      | Reached skill level 2 in Axes
  4765 | D:4      | Reached skill level 1 in Throwing
  4765 | D:4      | Reached skill level 5 in Armour
  4765 | D:4      | Reached XP level 7. HP: 47/62 MP: 6/6
  4895 | D:5      | Entered Level 5 of the Dungeon
  4970 | D:5      | Reached skill level 3 in Axes
  5205 | D:5      | Reached skill level 4 in Axes
  5433 | D:5      | Reached *** piety under Trog
  5515 | D:5      | Found a stormy altar of Qazlal.
  5594 | D:5      | Reached XP level 8. HP: 64/71 MP: 7/7
  5615 | D:5      | Reached skill level 5 in Axes
  5775 | D:5      | Noticed Ijyb
  5781 | D:5      | Killed Ijyb
  5897 | D:6      | Reached skill level 6 in Axes
  6216 | D:6      | Found a white marble altar of Elyvilon.
  6216 | D:6      | Found a broken altar of Ashenzari.
  6216 | D:6      | Found a glowing golden altar of the Shining One.
  6233 | D:6      | Reached skill level 7 in Axes
  6397 | D:6      | Found a staircase to the Ecumenical Temple.
  6413 | D:6      | Reached skill level 8 in Axes
  6590 | D:6      | Reached XP level 9. HP: 78/79 MP: 8/8
  6664 | D:6      | Found a hide-covered altar of Uskayaw.
  6895 | D:6      | Found a runed translucent door.
  6896 | D:6      | Noticed Crazy Yiuf
  6902 | D:6      | Killed Crazy Yiuf
  7374 | D:7      | Reached **** piety under Trog
  7375 | D:7      | Reached skill level 9 in Axes
  7940 | D:8      | Found a staircase to the Lair.
  7940 | D:8      | Noticed a komodo dragon
  7950 | D:8      | Reached skill level 5 in Dodging
  7966 | D:8      | Killed a komodo dragon
  8602 | D:8      | Reached XP level 10. HP: 89/90 MP: 9/9
  8603 | D:8      | You fall into a shaft and drop 1 floor!
  8624 | D:9      | Reached skill level 10 in Axes
  8626 | D:9      | Reached skill level 10 in Armour
  9055 | D:9      | Found a sparkling altar of Nemelex Xobeh.
  9655 | D:9      | Found a shadowy altar of Dithmenos.
  9760 | D:10     | Entered Level 10 of the Dungeon
  9921 | D:10     | Reached ***** piety under Trog
 10136 | D:10     | Reached skill level 11 in Axes
 10554 | D:10     | Found Xirro's Weapon Shop.
 10724 | D:10     | Noticed Snorg
 10741 | D:10     | Killed Snorg
 10742 | D:10     | Reached skill level 10 in Fighting
 10742 | D:10     | Reached XP level 11. HP: 42/99 MP: 10/10
 11287 | D:11     | Noticed Josephine
 11301 | D:11     | Killed Josephine
 11302 | D:11     | Reached skill level 12 in Axes
 11586 | D:11     | Noticed a white ugly thing
 11607 | D:11     | HP: 5/101 [white ugly thing (16)]
 11608 | D:11     | Killed a white ugly thing
 12188 | D:11     | Noticed a two-headed ogre
 12195 | D:11     | Killed a two-headed ogre
 12196 | D:11     | Reached skill level 13 in Axes
 12488 | D:11     | Found an iron altar of Okawaru.
 12536 | D:11     | Identified the +7 mace of Moral Flaws {protect, rPois rC+
                  | Str+2}
 12702 | D:12     | Annihilated by a very large slime creature

Illustrated notes

Levels and vault maps discovered:
D:1:      matt_arrival_grand_opening, layout_rooms,
          chequers_ecumenical_altar_simple, serial_co_window_serial,
          co_window_paths_b, co_window_corner_a, co_window_of_opportunity_a,
          co_window_paths_b, co_window_corner_a, co_window_2corner,
          co_window_broadway_a, co_window_corner_b, co_window_cross_3,
          co_window_2corner, co_window_corner_ca, co_window_corner_cb,
          glass_columns_c, glass_columns_b, glass_columns_b, glass_columns_a,
          serial_bayou_crossing
D:2:      layout_rooms, hangedman_decor_diamond_cutter, st_stairs_10
D:3:      minmay_angry_zag, layout_loops_ring, lemuel_tele_altar
D:4:      layout_basic, lemuel_coloured_pillars_altar, bloody_trog,
          chequers_serial_rivers_small_3, uniq_grinder, uniq_eustachio
D:5:      layout_basic, general_overflow_altar, uniq_ijyb
D:6:      layout_basic, gammafunk_temple_overflow_claw,
          nicolae_uskayaw_suspiria, minmay_temple_entry_proselytizer,
          minmay_misc_feat_alley, minmay_chambers_of_fives,
          uniq_crazy_yiuf_cottage
D:7:      layout_basic, hangedman_decor_riveting
D:8:      layout_basic, due_lair_maze_entry_diamond
D:9:      layout_basic, amcnicky_altar_gilded, nemelex_spade_bored_becter,
          minmay_increasing_density
D:10:     layout_roguey, serial_shops, shop, uniq_snorg
D:11:     layout_long_grid, okawaru_humans, uniq_josephine
D:12:     layout_basic, david_orc_3

Skill      XL: |  1  2  3  4  5  6  7  8  9 10 11 |
---------------+----------------------------------+-----
Fighting       | 4 5 6 7 8 10 11 | 11.1
Long Blades    | 4 |  4.9
Dodging        | 3 4 5 6 |  6.8
Armour         | 3 4 5 6 7 9 11 | 11.7
Axes           | 1 2 4 8 9 11 13 | 13.2
Throwing       | 1 |  1.3

Action                   |  1- 3 |  4- 6 |  7- 9 | 10-12 || total
-------------------------+-------+-------+-------+-------++-------
Melee: Falchion          |    24 |       |       |       ||    24
       Headbutt          |    13 |    15 |    36 |    66 ||   130
       Dagger            |    62 |    78 |       |       ||   140
       Hand axe          |       |    24 |   204 |   293 ||   521
Throw: Dart              |       |     7 |       |     7 ||    14
       Throwing net      |       |       |       |     3 ||     3
Invok: Berserk           |     1 |       |       |     1 ||     2
  Use: Scroll            |     1 |     4 |    10 |     4 ||    19
       Potion            |       |       |       |     1 ||     1
Armor: Animal skin       |    14 |       |       |       ||    14
       Scale mail        |     7 |    41 |       |       ||    48
       Plate armour      |       |     3 |   123 |   174 ||   300
Dodge: Dodged            |    43 |    52 |    66 |   105 ||   266
       Rpst.: Falchion   |     6 |       |       |       ||     6

Table legend: (Time is in decaauts)
 A = Elapsed time spent in this place.
 B = Non-inter-level travel time spent in this place.
 C = Inter-level travel time spent in this place.
 D = Time resting spent in this place.
 E = Time spent auto-exploring this place.
 F = Levels seen in this place.
 G = Mean time per level.
                   A        B        C        D        E       F      G
               +--------+--------+--------+--------+--------+-----+--------+
         Total |  12664 |  12316 |    348 |   3333 |   7019 |  12 | 1055.3 |
       Dungeon |  12664 |  12316 |    348 |   3333 |   7019 |  12 | 1055.3 |
               +--------+--------+--------+--------+--------+-----+--------+

Top non-repeatable levels by time:
    D:11: 1567 daAuts
     D:1: 1468 daAuts
    D:10: 1333 daAuts
     D:7: 1322 daAuts
     D:3: 1238 daAuts
     D:6: 1158 daAuts
     D:9: 1139 daAuts
     D:2: 1139 daAuts
     D:4: 1067 daAuts
     D:5: 968 daAuts
     D:8: 247 daAuts
    D:12: 15 daAuts
